 Dungeon Crawl Stone Soup version 0.22.1-2-g9c5b331383 (webtiles) character file.

1047 Ihlosi the Cutter (level 8, -1/49 HPs)
             Began as a Kobold Gladiator on Dec 13, 2018.
             Slain by an elf skeleton (3 damage)
             ... on level 6 of the Dungeon.
             The game lasted 00:14:37 (6873 turns).

Ihlosi the Cutter (Kobold Gladiator)                Turns: 6873, Time: 00:14:38

Health: -1/49      AC:  5    Str: 13    XL:     8   Next: 50%
Magic:  10/10      EV: 18    Int:  9    God:
Gold:   308        SH:  0    Dex: 17    Spells: 5/7 levels left

rFire    . . .     SeeInvis +   a - +0 long sword
rCold    . . .     Gourm    .   (shield restricted)
rNeg     . . .     Faith    .   r - +0 leather armour
rPois    +         Spirit   .   c - +1 helmet
rElec    .         Reflect  .   (no cloak)
rCorr    .         Harm     .   (no gloves)
MR       .....                  (no boots)
Stlth    +++.......             (no amulet)
HPRegen  0.16/turn              p - ring of see invisible
MPRegen  0.12/turn              w - ring of poison resistance

@: no status effects
A: small, carnivore
a: no special abilities


You were on level 6 of the Dungeon.
You were very full.

You visited 1 branch of the dungeon, and saw 6 of its levels.

You collected 308 gold pieces.

Inventory:

Hand Weapons
 a - a +0 long sword (weapon)
 b - a +0 scimitar
 e - a +0 falchion
 i - a +2 dagger of venom
 j - a +0 dagger of speed
 u - a +0 dagger of draining
 y - a +1 vampiric dagger
 z - a +0 rapier
Missiles
 d - a throwing net (quivered)
 k - 8 needles of confusion
 l - 20 poisoned needles
 t - 20 bolts
Armour
 c - a +1 helmet (worn)
 r - a +0 leather armour (worn)
Jewellery
 m - an uncursed amulet of harm
 p - a ring of see invisible (left hand)
 s - an uncursed ring of flight
 v - an uncursed ring of protection from fire
 w - a ring of poison resistance (right hand)
Scrolls
 g - 2 scrolls of magic mapping
 x - a scroll of enchant armour
Potions
 h - 2 potions of curing
 n - a potion of agility
 o - a potion of brilliance {unknown}
Comestibles
 f - 8 rations


   Skills:
 * Level 5.3 Fighting
 - Level 6.0 Short Blades
 + Level 0.3(2.3) Long Blades
 - Level 2.1 Throwing
 - Level 3.0 Armour
 - Level 6.0 Dodging
 * Level 4.6 Stealth
 * Level 3.7 Evocations


You had 5 spell levels left.
You knew the following spells:

 Your Spells              Type           Power        Failure   Level  Hunger
a - Animate Skeleton      Necr           N/A          45%         1    ##.....
b - Apportation           Tloc           #.....       45%         1    ##.....

Your spell library contained the following spells:

 Spells                   Type           Power        Failure   Level  Hunger
 Confusing Touch          Hex            #.....       45%         1    ##.....
 Corona                   Hex            #......      45%         1    ##.....
 Summon Small Mammal      Summ           #...         45%         1    ##.....
 Ensorcelled Hibernation  Hex/Ice        #.....       61%         2    ###....
 Confuse                  Hex            #.......     83%         3    ####...
 Dazzling Spray           Conj/Hex       #.....       83%         3    ####...
 Tukima's Dance           Hex            #.......     83%         3    ####...


Dungeon Overview and Level Annotations

Branches:
Dungeon (6/15)
 Temple: D:4-7

Altars:
Hepliaklqana
Makhleb
Okawaru
Qazlal
Trog
Wu Jian
Yredelemnul
Zin

Annotations:
D:4 Natasha
D:5 exclusion: ogre, Eustachio


Innate Abilities, Weirdness & Mutations

You are small and have problems with some larger weapons.
You are carnivorous and can eat meat at any time.


Message History

You slash the elf skeleton!
The elf skeleton is severely damaged.
The elf skeleton misses you.
You riposte.
You hit the elf skeleton.
The elf skeleton is almost destroyed.
You slash the elf skeleton!
The elf skeleton is almost destroyed.
The elf skeleton hits you.
* * * LOW HITPOINT WARNING * * *
You hit the elf skeleton.
The elf skeleton is almost destroyed.
The elf skeleton hits you.
* * * LOW HITPOINT WARNING * * *
You barely miss the elf skeleton.
The elf skeleton is almost destroyed.
The elf skeleton hits you.
* * * LOW HITPOINT WARNING * * *
You hit the elf skeleton but do no damage.
The elf skeleton is almost destroyed.
The elf skeleton hits you.
You die...

<### #.# ...# #.#
##.# #.#####.# ...#
#......#
##.#########.###.#
##........##'#
......#.#.##.#
....###.#.##.#+#+###
....#.....##.'..@Z.#
##..#.#.######...###
##..#.#.# +...+
##......#### #+#+#
...##......# ...
#.####.# ..#
#.####.# ..#
#...##.# .. #.#.##.#


You could see an elf skeleton.

Vanquished Creatures
  A bullfrog (D:5)
  A wyvern skeleton (D:6)
  A scorpion (D:5)
  2 howler monkeys
  A human zombie (D:6)
  A jelly (D:6)
  A bullfrog skeleton (D:5)
  2 orc priests
  A centaur skeleton (D:5)
  5 hounds
  8 orc wizards
  Natasha (D:4)
  3 worker ants
  A killer bee zombie (D:6)
  4 adders
  2 adder skeletons
  An adder zombie (D:2)
  A worm (D:3)
  4 dart slugs
  4 leopard geckos
  20 orcs
  2 ball pythons
  3 giant cockroaches
  6 goblins
  3 hobgoblins
  2 jackals (D:1)
  5 kobolds
  A ball python skeleton (D:2)
  3 bats
  8 frilled lizards
  A jackal skeleton (D:2)
  A leopard gecko skeleton (D:4)
  6 rats
  A spectral orc (D:4)
107 creatures vanquished.

Vanquished Creatures (others)
  A plant (D:6)
1 creature vanquished.

Grand Total: 108 creatures vanquished

Notes
Turn   | Place    | Note
-------+----------+-------------------------------------------
     0 | D:1      | Ihlosi the Kobold Gladiator began the quest for the Orb.
     0 | D:1      | Reached XP level 1. HP: 12/12 MP: 1/1
    86 | D:1      | Reached XP level 2. HP: 16/17 MP: 2/2
   441 | D:1      | Reached skill level 1 in Stealth
   542 | D:1      | Reached XP level 3. HP: 22/22 MP: 3/3
  1478 | D:2      | Found a faded altar of an unknown god.
  1483 | D:2      | Learned a level 1 spell: Animate Skeleton
  1485 | D:2      | Learned a level 1 spell: Apportation
  1733 | D:3      | Reached skill level 1 in Armour
  1733 | D:3      | Reached XP level 4. HP: 24/27 MP: 4/4
  2480 | D:4      | Reached XP level 5. HP: 14/31 MP: 5/5
  2656 | D:4      | Found a basalt altar of Yredelemnul.
  2722 | D:4      | Reached skill level 1 in Evocations
  2732 | D:4      | Reached skill level 5 in Short Blades
  3121 | D:4      | Found a glowing silver altar of Zin.
  3122 | D:4      | Found a burning altar of Makhleb.
  3123 | D:4      | Noticed a blizzard demon
  3124 | D:4      | Noticed an angel
  3285 | D:4      | Found a stormy altar of Qazlal.
  3286 | D:4      | Noticed Natasha
  3292 | D:4      | Killed Natasha
  3292 | D:4      | Reached XP level 6. HP: 36/36 MP: 6/6
  3368 | D:4      | Found a bloodstained altar of Trog.
  3418 | D:4      | Reached skill level 5 in Dodging
  3739 | D:4      | Noticed Natasha
  4518 | D:4      | Reached XP level 7. HP: 15/41 MP: 8/8
  4900 | D:5      | Entered Level 5 of the Dungeon
  5370 | D:5      | Noticed Eustachio
  5384 | D:5      | Found an ornate altar of the Wu Jian Council.
  5384 | D:5      | Found an iron altar of Okawaru.
  6032 | D:5      | Reached XP level 8. HP: 38/48 MP: 10/10
  6058 | D:5      | Found a hazy altar of Hepliaklqana.
  6583 | D:6      | Reached skill level 5 in Fighting
  6872 | D:6      | HP: 1/49 [elf skeleton (2)]
  6873 | D:6      | Slain by an elf skeleton

Skill      XL: |  1  2  3  4  5  6  7  8 |
---------------+-------------------------+-----
Dodging        | 4 5 6 |  6.0
Stealth        | 1 2 3 4 |  4.6
Armour         | 1 2 3 |  3.0
Evocations     | 1 2 3 |  3.7
Short Blades   | 5 6 |  6.0
Fighting       | 3 4 5 |  5.3
Long Blades    | |  0.3
Throwing       | |  2.1

Action                   |  1- 3 |  4- 6 |  7- 9 || total
-------------------------+-------+-------+-------++-------
Melee: Rapier            |   104 |   153 |   131 ||   388
       Scimitar          |       |    13 |       ||    13
       Dagger            |       |       |   131 ||   131
       Long sword        |       |       |    37 ||    37
Throw: Throwing net      |       |     1 |     1 ||     2
  Use: Scroll            |       |     7 |     2 ||     9
       Potion            |       |     4 |     1 ||     5
 Stab: Sleeping          |     1 |     2 |     1 ||     4
       Held in net/web   |       |     1 |       ||     1
       Confused          |       |       |     1 ||     1
  Eat: Chunk             |     9 |     6 |    21 ||    36
Armor: Leather armour    |    14 |    23 |    30 ||    67
Dodge: Dodged            |    84 |   130 |   231 ||   445
       Rpst.: Scimitar   |       |     5 |       ||     5
       Long sword        |       |       |     9 ||     9
